 Dungeon Crawl Stone Soup version 0.22.1-1-ga44c0e5 (webtiles) character file.

254 Fang the Chopper (level 6, -7/39 HPs)
             Began as a Gargoyle Berserker on Sept 27, 2018.
             Was a Believer of Trog.
             Mangled by a two-headed ogre
             ... wielding a +1 dire flail of crushing
              (24 damage)
             ... on level 4 of the Dungeon.
             The game lasted 00:02:25 (2645 turns).

Fang the Chopper (Gargoyle Berserker)               Turns: 2645, Time: 00:02:26

Health: -7/39      AC:  6    Str: 23    XL:     6   Next: 15%
Magic:  6/6        EV: 12    Int: 12    God:    Trog [**....]
Gold:   151        SH:  0    Dex:  9    Spells: 5/5 levels left

rFire    . . .     SeeInvis .   a - +0 hand axe
rCold    . . .     Gourm    .   (no shield)
rNeg     + . .     Faith    .   b - +0 animal skin
rPois    ∞         Spirit   .   (no helmet)
rElec    +         Reflect  .   (no cloak)
rCorr    .         Harm     .   (no gloves)
MR       .....                  (no boots)
Stlth    +.........             (no amulet)
HPRegen  0.13/turn              m - +5 ring of intelligence
MPRegen  0.10/turn              (no ring)

@: no status effects
A: negative energy resistance 1, electricity resistance, unbreathing,
petrification resistance, rot immunity, AC +4
a: Berserk, Trog's Hand, Renounce Religion


You were on level 4 of the Dungeon.
You worshipped Trog.
Trog was pleased with you.
You were near starving.

You visited 1 branch of the dungeon, and saw 4 of its levels.

You collected 151 gold pieces.

Inventory:

Hand Weapons
 a - a +0 hand axe (weapon)
Armour
 b - a +0 animal skin (worn)
Jewellery
 m - a +5 ring of intelligence (left hand)
Wands
 o - a wand of paralysis (18)
Scrolls
 d - 2 scrolls of fear {unknown}
 e - 2 scrolls of teleportation {unknown}
 f - a scroll of blinking {unknown}
 j - 2 scrolls of enchant armour {unknown}
 k - a scroll of fog {unknown}
 l - 2 scrolls of identify {unknown}
 n - a scroll of enchant weapon {unknown}
Potions
 g - a potion of berserk rage {unknown}
 h - 2 potions of curing {unknown}
 i - a potion of resistance {unknown}
Comestibles
 c - 4 rations


   Skills:
 + Level 4.3 Fighting
 + Level 4.8 Axes
 + Level 2.4 Armour
 + Level 2.5 Dodging
 + Level 1.2 Stealth


You had 5 spell levels left.
You didn't know any spells.
Your spell library was empty.

Dungeon Overview and Level Annotations

Branches:
Dungeon (4/15)
 Temple: D:4-7

Altars:
Dithmenos
Qazlal
Sif Muna
Xom


Innate Abilities, Weirdness & Mutations

You are resistant to torment.
Your stone body is resilient. (AC +4)
You are immune to poison.
You resist negative energy. (rN+)
You are resistant to electric shocks. (rElec)
You can survive without breathing.
You are immune to petrification.
You are immune to rotting.


Message History

HP restored.
You start waiting.
You feel yourself speed up.
You start waiting.
You recover from your berserk rage.
An orc comes into view. It is wielding a hand axe.
The orc shouts!
An orc comes into view. It is wielding a mace.
An orc comes into view. It is wielding a vampiric falchion.
There are monsters nearby!
There are monsters nearby!
There are monsters nearby!
A two-headed ogre comes into view.
It is wielding a dire flail of crushing and The two-headed ogre shouts in stereo!
The orc shouts!
You completely miss the two-headed ogre.
You are near starving!
The two-headed ogre hits you with a dire flail of crushing!
The two-headed ogre hits you with a giant club!!
Ouch! That really hurt!
You die...

#.............#
#.............#
.......[.....#
.............#
#.#.......<..#
#..........# .##
#..........#
....o#..........#
..o....@.#####).########
....o.O### ##.#.......
...#... #......... .
..... #......... ......#
#......... ......
#......... ..##..#
#......... .. #..#.
###........) ....#
##...........


You could see a two-headed ogre and 3 orcs.

Vanquished Creatures
  A phantom (D:4)
  A hound (D:4)
  An orc wizard (D:3)
  2 adders (D:2)
  A dart slug (D:3)
  2 worms
  2 leopard geckos
  3 orcs
  A ball python (D:3)
  7 bats
  A giant cockroach (D:2)
  9 hobgoblins
  6 jackals
  2 quokkas (D:2)
  2 frilled lizards
  5 goblins
  8 kobolds
  3 rats
57 creatures vanquished.

Vanquished Creatures (others)
  An orc wizard (D:3)
  A kobold (D:3)
2 creatures vanquished.

Grand Total: 59 creatures vanquished

Notes
Turn   | Place    | Note
-------+----------+-------------------------------------------
     0 | D:1      | Fang the Gargoyle Berserker began the quest for the Orb.
     0 | D:1      | Reached XP level 1. HP: 14/14 MP: 1/1
   182 | D:1      | Reached XP level 2. HP: 18/19 MP: 2/2
   931 | D:2      | Reached XP level 3. HP: 23/24 MP: 3/3
  1053 | D:2      | Found a shimmering altar of Xom.
  1054 | D:2      | Found a deep blue altar of Sif Muna.
  1202 | D:2      | Reached ** piety under Trog
  1435 | D:3      | Reached XP level 4. HP: 29/29 MP: 4/4
  1474 | D:3      | Reached XP level 5. HP: 21/33 MP: 5/5
  1839 | D:3      | Found a stormy altar of Qazlal.
  1873 | D:3      | Found a faded altar of an unknown god.
  2037 | D:3      | Found a shadowy altar of Dithmenos.
  2186 | D:4      | Reached skill level 1 in Stealth
  2206 | D:4      | Noticed a phantom
  2597 | D:4      | Killed a phantom
  2597 | D:4      | Reached XP level 6. HP: 39/39 MP: 6/6
  2644 | D:4      | Noticed a two-headed ogre
  2645 | D:4      | Mangled by a two-headed ogre

Skill      XL: |  1  2  3  4  5 |
---------------+----------------+-----
Axes           | 3 4 |  4.8
Fighting       | 4 |  4.3
Dodging        | 2 |  2.5
Stealth        | 1 |  1.2
Armour         | |  2.4

Action                   |  1- 3 |  4- 6 || total
-------------------------+-------+-------++-------
Melee: Hand axe          |   141 |   110 ||   251
Invok: Berserk           |     1 |     2 ||     3
 Stab: Sleeping          |     1 |       ||     1
  Eat: Chunk             |     1 |     6 ||     7
Armor: Animal skin       |    55 |    37 ||    92
Dodge: Dodged            |   106 |    61 ||   167
